AoeStats
← 1768193321

Nomad

508209036Analyzed
4v4 RM · 11d ago on Sep 21, 2026· 41m 42s· 8 players
Game mode
Random Map
Map size
231×231
Population
200
Speed
Normal
Resources
Standard
Victory
Conquest
Starting age
Dark Age
Ending age
Imperial Age
RankedLock teamsTeams togetherTeam positionsShared explorationLock speedFull tech treeHidden civsTurbo modeCheats
Victory
Defeat
🇦🇷 Vietnamese · Argentina
1356
+16
🇨🇳 Japanese · China
1355
+16
🇧🇩 Goths · Bangladesh
1354
+16
🇦🇷 Lithuanians · Argentina
1344
+17
🇵🇱 Cumans · Poland
1408
-17
🇫🇮 Burgundians · Finland
1369
-17
🇩🇪 Burmese · Germany
1348
-16
🇨🇳 Maya · China
1321
-15
1768193321
6:05 Loom
12:06 Loom
13:10 Loom
15:14 Feudal Age
19:15 Castle Age
18:44 Double-Bit Axe
20:30 Man-at-Arms
21:56 Forging
22:25 Horse Collar
23:17 Scale Mail Armor
30:31 Castle Age
34:09 Fishing Lines
36:17 Bow Saw
36:58 Gillnets
40:41 Town Watch
Gunslinger
7:15 Loom
15:16 Feudal Age
15:53 Double-Bit Axe
16:32 Stone Mining
16:32 Gold Mining
20:31 Castle Age
22:02 Bow Saw
25:14 Anarchy
25:52 Wheelbarrow
24:59 Horse Collar
29:57 Heavy Plow
30:56 Hand Cart
32:48 Stone Shaft Mining
35:50 Imperial Age
33:52 Scale Mail Armor
34:03 Forging
33:42 Fishing Lines
35:53 Chain Mail Armor
36:13 Iron Casting
35:56 Elite Huskarl
36:45 Perfusion
37:07 Conscription
37:00 Perfusion
38:19 Two-Man Saw
39:49 Blast Furnace
40:02 Squires
KanA
5:30 Loom
13:33 Feudal Age
18:36 Castle Age
17:38 Gold Mining
17:33 Double-Bit Axe
18:25 Fletching
18:45 Crossbowman
20:45 Padded Archer Armor
23:55 Ballistics
25:23 Bodkin Arrow
28:29 Horse Collar
32:20 Leather Archer Armor
34:42 Bow Saw
34:32 Heavy Plow
34:24 Stone Mining
35:10 Wheelbarrow
36:03 Hand Cart
37:09 Thumb Ring
39:41 Imperial Age
38:28 Chatras
39:13 Scale Barding Armor
39:20 Forging
39:43 Bloodlines
39:33 Husbandry
39:39 Murder Holes
39:42 Elite Battle Elephant
41:21 Chain Barding Armor
41:54 Guilds
小肥羊
15:39 Feudal Age
16:04 Fishing Lines
17:00 Gold Mining
20:13 Castle Age
19:42 Double-Bit Axe
20:53 Loom
21:34 Medium Warships
21:54 Stone Mining
24:54 Wheelbarrow
25:28 Horse Collar
27:02 Hand Cart
27:25 Gillnets
27:49 Scale Barding Armor
27:55 Forging
31:23 Imperial Age
29:31 Bloodlines
29:21 Husbandry
29:13 Fletching
30:01 Elite Skirmisher
31:07 Town Watch
31:47 Ballistics
32:26 Bodkin Arrow
32:33 Padded Archer Armor
34:14 Chemistry
33:28 Masonry
33:59 Bracer
35:39 Conscription
37:31 Stone Shaft Mining
37:51 Architecture
37:03 Treadmill Crane
37:10 Imperial Skirmisher
38:55 Leather Archer Armor
40:08 Ring Archer Armor
41:00 Hoardings
41:17 Bow Saw
43:22 Two-Man Saw
Dawidowww
5:24 Loom
10:16 Loom
12:31 Feudal Age
13:27 Double-Bit Axe
14:38 Fletching
21:10 Wheelbarrow
21:58 Forging
21:43 Horse Collar
23:33 Scale Barding Armor
24:23 Bloodlines
30:54 Castle Age
Der Amo
7:30 Loom
13:34 Feudal Age
18:19 Castle Age
17:53 Stone Mining
18:02 Gold Mining
18:56 Wheelbarrow
18:07 Town Watch
18:47 Town Watch
20:43 Fletching
21:17 Hand Cart
21:54 Bodkin Arrow
22:07 Horse Collar
34:57 Imperial Age
33:02 Padded Archer Armor
33:47 Bloodlines
33:38 Husbandry
36:04 Ballistics
36:44 Chemistry
36:13 Parthian Tactics
36:35 Conscription
T - T
4:57 Loom
14:37 Feudal Age
19:03 Castle Age
17:36 Town Watch
18:27 Fletching
19:14 Double-Bit Axe
19:21 Gold Mining
19:12 Crossbowman
20:50 Padded Archer Armor
38:06 Wheelbarrow
38:11 Bow Saw
43:07 Imperial Age
41:44 Thumb Ring
Full power No shower
5:59 Loom
10:22 Fishing Lines
13:34 Double-Bit Axe
17:21 Feudal Age
17:49 Gold Mining
18:59 Gillnets
19:21 Bow Saw
20:00 Fletching
22:25 Man-at-Arms
25:52 Castle Age
27:00 Medium Warships
26:50 Bodkin Arrow
33:15 Clinker Construction
33:43 Ballistics
34:17 Gold Shaft Mining
39:13 Stone Mining
42:01 Imperial Age
40:40 Scale Barding Armor
Connection lost

Rejoining the realm…

Still unreachable

The connection could not be restored.

Session expired

The server has moved on; the page needs a fresh start.